 Dungeon Crawl Stone Soup version 0.21-a0-504-g2eda330 (webtiles) character file.

124 slep the Poker (level 4, -2/37 HPs)
             Began as a Demonspawn Monk on Nov 26, 2017.
             Slain by a gnoll (6 damage)
             ... on level 2 of the Dungeon.
             The game lasted 00:06:56 (1384 turns).

slep the Poker (Demonspawn Monk)                    Turns: 1384, Time: 00:06:57

Health: -2/37      AC:  8    Str: 12    XL:     4   Next: 81%
Magic:  4/4        EV: 12    Int: 11    God:
Gold:   70         SH:  0    Dex: 16    Spells: 3/3 levels left

rFire    . . .     SeeInvis +   a - +0 spear
rCold    . . .     Gourm    .   (no shield)
rNeg     . . .     Faith    .   r - +0 ring mail
rPois    .         Spirit   .   (no helmet)
rElec    .         Reflect  .   (no cloak)
rCorr    .         Harm     .   d - +0 pair of gloves
MR       .....                  (no boots)
Stlth    ++........             (no amulet)
HPRegen  0.12/turn              m - ring of see invisible
MPRegen  0.09/turn              (no ring)

@: no status effects
A: talons 1, slimy green scales 1
a: no special abilities


You were on level 2 of the Dungeon.
You were hungry.

You visited 1 branch of the dungeon, and saw 2 of its levels.

You collected 70 gold pieces.

Inventory:

Hand Weapons
 a - a +0 spear (weapon)
 e - a +3 dagger of venom
Armour
 b - a +0 robe
 d - a +0 pair of gloves (worn)
 r - a +0 ring mail (worn)
Jewellery
 m - a ring of see invisible (left hand)
Scrolls
 f - a scroll of immolation {unknown}
 g - a scroll of remove curse {unknown}
 i - a scroll of fear {unknown}
 j - a scroll of identify {unknown}
 k - 2 scrolls of teleportation {unknown}
 l - 3 scrolls of magic mapping {unknown}
 o - a scroll of enchant weapon {unknown}
 p - a scroll of amnesia {unknown}
Potions
 h - a potion of haste {unknown}
 n - a potion of cancellation {unknown}
 q - a potion of mutation {unknown}
Comestibles
 c - 2 bread rations


   Skills:
 + Level 3.7 Fighting
 + Level 3.9 Polearms
 + Level 3.3 Dodging
 + Level 2.3 Stealth


You had 3 spell levels left.
You didn't know any spells.

Dungeon Overview and Level Annotations

Branches:
Dungeon (2/15)

Altars:
Sif Muna


Innate Abilities, Weirdness & Mutations

You have sharp toenails.
You are partially covered in slimy green scales. (AC +2)


Message History

You barely miss the gnoll. You claw the gnoll, but do no damage.
The gnoll closely misses you.
You hit the gnoll but do no damage. The gnoll closely misses you.
You hit the gnoll.
The gnoll is lightly wounded.
The gnoll hits you.
* * * LOW HITPOINT WARNING * * *
You hit the gnoll but do no damage.
The gnoll is lightly wounded.
You barely miss the gnoll.
The gnoll is lightly wounded.
The gnoll hits you.
* * * LOW HITPOINT WARNING * * *
You barely miss the gnoll. You claw the gnoll.
The gnoll is heavily wounded.
The gnoll closely misses you.
You barely miss the gnoll. You claw the gnoll.
The gnoll is severely wounded.
The gnoll hits you.
You die...

....^...# #...)...# ##......
........## ##.......# #.......
.........###........# #..####.
...>.............#### ####.......
..........#......######......####
##.##..........#.#.......#.###...
#.##..........._........#.##..##
......(.......#.#..<......##.##
.......)........@........#....###
...............g...........#####.
##.#...##...............#.....##.
#.#.####>..............##.##....
#...# #...............######..#
##.......................
##....!#................
###.###.##......####### #.
..$##.....## #


You could see a gnoll.

Vanquished Creatures
  3 adders (D:2)
  3 gnolls (D:2)
  2 oozes (D:1)
  A worm (D:2)
  6 goblins
  10 hobgoblins
  4 jackals (D:1)
  6 kobolds
  A quokka (D:2)
  A ball python (D:1)
  8 bats
  4 frilled lizards
  8 rats
57 creatures vanquished.

Notes
Turn   | Place    | Note
-------+----------+-------------------------------------------
     0 | D:1      | slep the Demonspawn Monk began the quest for the Orb.
     0 | D:1      | Reached XP level 1. HP: 18/18 MP: 1/1
     2 | D:1      | Noticed a dwarf
     2 | D:1      | Noticed a merfolk
     4 | D:1      | Noticed a felid
     4 | D:1      | Noticed a vampire
     6 | D:1      | Noticed a demigod
     8 | D:1      | Noticed a spriggan
     8 | D:1      | Noticed a ghoul
    10 | D:1      | Noticed a centaur
    10 | D:1      | Noticed an elf
    12 | D:1      | Noticed a draconian
    12 | D:1      | Noticed a tengu
    14 | D:1      | Noticed an ogre
    16 | D:1      | Noticed a gargoyle
    16 | D:1      | Noticed a human
    18 | D:1      | Noticed a minotaur
    20 | D:1      | Noticed a demonspawn
    22 | D:1      | Noticed a halfling
    22 | D:1      | Noticed a troll
    24 | D:1      | Noticed an octopode
    24 | D:1      | Noticed a formicid
    26 | D:1      | Noticed a naga
    26 | D:1      | Noticed a vine stalker
   214 | D:1      | Gained mutation: You have sharp toenails. [demonic ancestry]
   214 | D:1      | Reached XP level 2. HP: 23/24 MP: 2/2
   571 | D:1      | Gained mutation: You are partially covered in slimy green scales. (AC +2) [demonic ancestry]
   571 | D:1      | Reached XP level 3. HP: 25/29 MP: 3/3
  1042 | D:2      | Reached XP level 4. HP: 26/36 MP: 4/4
  1132 | D:2      | Found a deep blue altar of Sif Muna.
  1384 | D:2      | Slain by a gnoll

Vault maps used:
D:1:      kb_arrival_jail
D:2:      cheibrodos_greedy_goblins, lemuel_crystal_altar, first_bread

Skill      XL: |  1  2 |
---------------+-------+-----
Polearms       | 3 |  3.9
Dodging        | 3 |  3.3
Stealth        | 2 |  2.3
Fighting       | |  3.7

Action                   |  1- 3 |  4- 6 || total
-------------------------+-------+-------++-------
Melee: Spear             |   189 |    41 ||   230
       Kick              |    36 |    12 ||    48
 Stab: Sleeping          |     5 |       ||     5
  Eat: Chunk             |     1 |       ||     1
Armor: Robe              |    41 |     2 ||    43
       Ring mail         |       |     4 ||     4
Dodge: Dodged            |    86 |    24 ||   110

Table legend:
 A = Spawn XP
 B = Non-spawn XP
 C = Spawn XP percentage of total XP
 D = Spawn monster count
 E = Non-spawn monster count
 F = Spawn count percentage of total count
 G = Total turns spent on level
                    A         B        C        D         E        F      G
               +---------+---------+-------+---------+---------+-------+---------
         Total |       0 |     178 |   0.0 |       0 |      57 |   0.0 |  1384
               +---------+---------+-------+---------+---------+-------+---------
           D:1 |       0 |      70 |   0.0 |       0 |      36 |   0.0 |   908
           D:2 |       0 |     108 |   0.0 |       0 |      21 |   0.0 |   476
               +---------+---------+-------+---------+---------+-------+---------
